 Dungeon Crawl Stone Soup version 0.21-a0-518-g43a1781 (webtiles) character file.

84 Laiders the Ruffian (level 4, 0/35 HPs)
             Began as a Draconian Transmuter on Dec 5, 2017.
             Succumbed to an adder's poison
             ... on level 2 of the Dungeon.
             The game lasted 00:05:10 (1156 turns).

Laiders the Ruffian (Draconian Transmuter)          Turns: 1156, Time: 00:05:11

Health: 0/35       AC:  5    Str: 17    XL:     4   Next: 23%
Magic:  7/7        EV: 12    Int: 15    God:
Gold:   55         SH:  0    Dex: 11    Spells: 1/7 levels left

rFire    . . .     SeeInvis .     - Unarmed
rCold    . . .     Gourm    .   (no shield)
rNeg     . . .     Faith    .   (armour unavailable)
rPois    .         Spirit   .   (helmet restricted)
rElec    .         Reflect  .   (no cloak)
rCorr    .         Harm     .   (no gloves)
MR       .....                  (no boots)
Stlth    +.........             (no amulet)
HPRegen  0.11/turn              (no ring)
MPRegen  0.10/turn              (no ring)

@: mighty, lethally poisoned (0 -> -9), appendage (expiring)
A: unfitting armour, horns 2, cold-blooded, AC +5
a: End Transformation


You were on level 2 of the Dungeon.
You were not hungry.
You had grown temporary horns.
You visited 1 branch of the dungeon, and saw 2 of its levels.

You collected 55 gold pieces.

Inventory:

Missiles
 a - 26 arrows
Scrolls
 e - a scroll of remove curse {unknown}
 g - a scroll of immolation {unknown}
 h - 3 scrolls of identify {unknown}
Books
 b - a book of Changes

   Spells                             Type                      Level
   a - Beastly Appendage              Transmutation                1
   b - Sticks to Snakes               Transmutation                2
   c - Spider Form                    Transmutation/Poison         3
   d - Ice Form                       Ice/Transmutation            4
   e - Blade Hands                    Transmutation                5
Comestibles
 c - 2 bread rations
 d - a royal jelly
 f - 2 chunks of flesh


   Skills:
 - Level 1.1 Fighting
 - Level 1.7 Dodging
 + Level 4.0 Unarmed Combat
 - Level 2.0 Spellcasting
 + Level 3.3 Transmutations
 + Level 1.1 Poison Magic


You had one spell level left.
You knew the following spells:

 Your Spells              Type           Power        Failure   Level  Hunger
a - Beastly Appendage     Tmut           ##....       6%          1    #......
b - Sticks to Snakes      Tmut           ##......     9%          2    ###....
c - Spider Form           Tmut/Pois      #.........   26%         3    ###....


Dungeon Overview and Level Annotations

Branches:
Dungeon (2/15)

Altars:


Innate Abilities, Weirdness & Mutations

Your plain brown scales are hard. (AC +5)
You cannot fit into any form of body armour.
You are cold-blooded and may be slowed by cold attacks.
You have a pair of horns on your head.


Message History

You feel sick. The adder bites you.
* * * LOW HITPOINT WARNING * * *
You are more poisoned.
The adder poisons you!
You hit the adder but do no damage.
The adder is heavily wounded.
Your transformation is almost over.
* * * LOW HITPOINT WARNING * * *
You feel sick. The adder bites you but does no damage.
It was a potion of might.
You feel very mighty all of a sudden.
* * * LOW HITPOINT WARNING * * *
You feel sick. The adder closely misses you.
You miss the adder. You tail-slap the adder.
The adder is almost dead.
* * * LOW HITPOINT WARNING * * *
You feel sick. The adder completely misses you.
You punch the adder!
You kill the adder!
You die...

#.?........###..
........ #.#........#
#.###........
.....!)....# #.#
....#......# #.#
....#.†....###.#
....#......#...##
.........##..#..##
...#.............#
........#######@###.#
........# #....(#
........# #..####
........# #.##
.......!# #.# ..# ...
... ....


There were no monsters in sight!

Vanquished Creatures
  3 adders (D:2)
  3 dart slugs
  A worm (D:2)
  3 orcs (D:2)
  7 bats
  3 giant cockroaches (D:1)
  5 goblins
  5 hobgoblins
  4 jackals (D:1)
  2 frilled lizards
  4 kobolds
  5 rats
45 creatures vanquished.

Notes
Turn   | Place    | Note
-------+----------+-------------------------------------------
     0 | D:1      | Laiders the Draconian Transmuter began the quest for the Orb.
     0 | D:1      | Reached XP level 1. HP: 16/16 MP: 3/3
   335 | D:1      | Reached XP level 2. HP: 23/23 MP: 5/5
   754 | D:1      | Reached XP level 3. HP: 27/28 MP: 6/6
   893 | D:1      | Learned a level 2 spell: Sticks to Snakes
   897 | D:1      | Learned a level 3 spell: Spider Form
  1008 | D:2      | Reached skill level 4 in Unarmed Combat
  1008 | D:2      | Reached skill level 1 in Poison Magic
  1008 | D:2      | Reached XP level 4. HP: 6/35 MP: 7/7
  1154 | D:2      | HP: 1/35 [poisoned by an adder]
  1156 | D:2      | Succumbed to an adder's poison

Vault maps used:
D:1:      minmay_arrival_diagonal_passages
D:2:      minmay_split_cup_large

Skill      XL: |  1  2  3 |
---------------+----------+-----
Transmutations | 3 |  3.3
Unarmed Combat | 4 |  4.0
Poison Magic   | 1 |  1.1
Fighting       | |  1.1
Dodging        | |  1.7
Spellcasting   | |  2.0

Action                   |  1- 3 |  4- 6 || total
-------------------------+-------+-------++-------
Melee: Unarmed           |   133 |    20 ||   153
       Tailslap          |    16 |     2 ||    18
       Kick              |     2 |       ||     2
       Headbutt          |     2 |       ||     2
       Punch             |     1 |       ||     1
 Cast: Beastly Appendage |     4 |     1 ||     5
  Use: Potion            |       |     1 ||     1
  Eat: Chunk             |       |     1 ||     1
Armor: Skin              |    44 |     8 ||    52
Dodge: Dodged            |   111 |     9 ||   120

Table legend:
 A = Spawn XP
 B = Non-spawn XP
 C = Spawn XP percentage of total XP
 D = Spawn monster count
 E = Non-spawn monster count
 F = Spawn count percentage of total count
 G = Total turns spent on level
                    A         B        C        D         E        F      G
               +---------+---------+-------+---------+---------+-------+---------
         Total |       0 |     120 |   0.0 |       0 |      45 |   0.0 |  1156
               +---------+---------+-------+---------+---------+-------+---------
           D:1 |       0 |      48 |   0.0 |       0 |      27 |   0.0 |   915
           D:2 |       0 |      72 |   0.0 |       0 |      18 |   0.0 |   241
               +---------+---------+-------+---------+---------+-------+---------
